 Dungeon Crawl Stone Soup version 0.24-a0-479-g9a978d2894 (webtiles) character file.

Game seed: 16511400020631540131

3189 Gynju the Grappler (level 9, -1/92 HPs)
             Began as a Troll Monk on July 6, 2019.
             Was a Priest of Okawaru.
             Slain by a killer bee (2 damage)
             ... on level 8 of the Dungeon.
             The game lasted 00:12:24 (6692 turns).

Gynju the Grappler (Troll Monk)                     Turns: 6692, Time: 00:12:25

Health: -1/92      AC:  7    Str: 21    XL:     9   Next: 64%
Magic:  18/18      EV: 13    Int:  6    God:    Okawaru [***...]
Gold:   421        SH:  0    Dex: 15    Spells: 8/8 levels left

rFire    . . .     SeeInvis .     - Unarmed
rCold    . . .     Gourm    +   (no shield)
rNeg     + . .     Faith    .   a - +1 robe
rPois    .         Spirit   .   (helmet restricted)
rElec    .         Reflect  .   (no cloak)
rCorr    .         Harm     .   (gloves unavailable)
MR       .....                  (boots unavailable)
Stlth    ++........             (no amulet)
HPRegen  0.65/turn              l - ring of magical power
MPRegen  0.16/turn              y - ring of positive energy

@: lethally poisoned (-1 -> -2)
A: large, unfitting armour, claws 3, fast metabolism 3, gourmand, regeneration
1, shaggy fur 1, tough skin 3
a: Heroism, Renounce Religion


You were on level 8 of the Dungeon.
You worshipped Okawaru.
Okawaru was most pleased with you.
You were not hungry.

You visited 2 branches of the dungeon, and saw 9 of its levels.

You collected 421 gold pieces.

Inventory:

Missiles
 f - 283 stones (quivered)
Armour
 a - a +1 robe (worn)
Jewellery
 l - a ring of magical power (left claw)
 y - a ring of positive energy (right claw)
Wands
 p - a wand of disintegration (26)
 w - a wand of paralysis (10)
 x - a wand of enslavement (9)
Scrolls
 h - a scroll of magic mapping
 i - 2 scrolls of remove curse
 k - a scroll of enchant armour
 m - 3 scrolls of identify
 n - a scroll of noise {unknown}
 o - a scroll of enchant weapon {unknown}
 q - 2 scrolls of fear
 r - a scroll of blinking
Potions
 c - 2 potions of heal wounds
 e - a potion of agility
 g - 6 potions of curing
 j - 2 potions of cancellation
 s - 2 potions of invisibility {unknown}
 t - 3 potions of degeneration {unknown}
 u - 2 potions of brilliance {unknown}
 v - a potion of might {unknown}
Comestibles
 b - 14 rations


   Skills:
 + Level 6.4 Fighting
 + Level 6.4 Dodging
 - Level 1.0 Stealth
 - Level 9.0 Unarmed Combat
 + Level 2.0 Invocations
 + Level 1.6 Evocations


You had 8 spell levels left.
You didn't know any spells.
Your spell library contained the following spells:

 Spells                   Type           Power        Failure   Level  Hunger
 Magic Dart               Conj           #...         45%         1    ##.....
 Searing Ray              Conj           #.....       58%         2    ###....
 Dazzling Spray           Conj/Hex       #.....       83%         3    ####...
 Force Lance              Conj/Tloc      #.......     99%         4    #####..
 Fulminant Prism          Conj/Hex       #.........   99%         4    #####..
 Iskenderun's Mystic Bla  Conj           #.......     99%         4    #####..


Dungeon Overview and Level Annotations

Branches:
Dungeon (8/15)             Temple (1/1) D:5
   Lair: D:8-11

Altars:
Ashenzari
Cheibriados
Dithmenos
Elyvilon
Fedhas
Gozag
Hepliaklqana
Kikubaaqudgha
Makhleb
Okawaru
Qazlal
Ru
Sif Muna
Trog
Uskayaw
Vehumet
Wu Jian
Xom
Yredelemnul
Zin
The Shining One

Shops:
D:5 *   D:6 *

Annotations:
D:4 1 runed translucent door, Masnef's ghost, amateur DEWz


Innate Abilities, Weirdness & Mutations

You are too large for most types of armour.
You have claws for hands.
Your metabolism is lightning-fast.
You like to eat raw meat.
Your natural rate of healing is unusually fast.
You are covered in fur. (AC +1)
You have extremely tough skin. (AC +3)


Message History

You feel sick. The killer bee stings you.
* * * LOW HITPOINT WARNING * * *
The killer bee misses you.
You feel sick.
The killer bee stings you but does no damage.
The killer bee closely misses you.
You feel sick. The killer bee stings you.
* * * LOW HITPOINT WARNING * * *
The killer bee barely misses you. The killer bee stings you.
* * * LOW HITPOINT WARNING * * *
You are more poisoned.
The killer bee poisons you! The killer bee closely misses you.
You feel sick. The killer bee barely misses you.
You feel sick. The killer bee stings you.
* * * LOW HITPOINT WARNING * * *
The killer bee stings you but does no damage.
The killer bee barely misses you.
* * * LOW HITPOINT WARNING * * *
You feel sick. The killer bee stings you.
You die...

#.####..# #..)....#
#)# #..####.####.###
#...............
##.####.####.###
#.####.####.#
#.#.......#.#
#.#.#####.#.# #.#.#
#.#@## # #...#
#.=yy#######..# ###.#
#.#.y#...รท....#
#.#####.......#####.#
#........l..........
###..^^^..#...##.###
#..^_...##.#...#
##.^^^..##.....#
#......####.....


You could see 3 killer bees and a leopard gecko.

Vanquished Creatures
  Grinder (D:5)
  Prince Ribbit (D:8)
  2 hungry ghosts
  Menkaure (D:7)
  Edmund (D:5)
  A water moccasin (D:5)
  A sky beast (D:6)
  A phantom (D:3)
  3 ogres
  2 bullfrogs
  A wyvern zombie (D:6)
  A scorpion (D:4)
  5 killer bees (D:8)
  5 wights (D:7)
  3 crimson imps (D:6)
  2 jellies
  3 hounds
  2 orc wizards
  3 orc priests
  A bullfrog skeleton (D:4)
  4 iguanas
  6 worker ants
  13 gnolls
  14 adders
  2 shadow imps (D:6)
  A white imp (D:8)
  An ooze (D:1)
  3 adder skeletons
  3 worms (D:2)
  3 dart slugs
  4 leopard geckos
  15 orcs
  9 bats
  9 giant cockroaches
  12 goblins
  4 hobgoblins
  9 jackals
  4 quokkas
  2 ball pythons
  6 frilled lizards
  2 goblin skeletons (D:8)
  A hobgoblin zombie (D:8)
  4 kobolds
  A kobold skeleton (D:8)
  2 kobold zombies (D:8)
  A leopard gecko zombie (D:5)
  2 orc skeletons (D:8)
  3 orc zombies (D:8)
  10 rats
190 creatures vanquished.

Notes
Turn   | Place    | Note
-------+----------+-------------------------------------------
     0 | D:1      | Gynju the Troll Monk began the quest for the Orb.
     0 | D:1      | Reached XP level 1. HP: 22/22 MP: 0/0
    86 | D:1      | Reached XP level 2. HP: 29/29 MP: 1/1
   160 | D:1      | Reached skill level 4 in Unarmed Combat
   352 | D:1      | Reached XP level 3. HP: 36/36 MP: 2/2
   915 | D:2      | Reached skill level 5 in Unarmed Combat
   915 | D:2      | Reached XP level 4. HP: 25/44 MP: 3/3
   937 | D:2      | Found an opulent altar of Gozag.
   938 | D:2      | Found a shattered altar of Ashenzari.
   938 | D:2      | Found a hide-covered altar of Uskayaw.
  1121 | D:2      | Found a shadowy altar of Dithmenos.
  1837 | D:3      | Reached XP level 5. HP: 50/50 MP: 4/4
  1969 | D:3      | Reached skill level 6 in Unarmed Combat
  2214 | D:3      | Found a glowing drain.
  2313 | D:3      | Reached XP level 6. HP: 59/59 MP: 5/5
  2524 | D:3      | Reached skill level 7 in Unarmed Combat
  2964 | D:4      | Reached skill level 8 in Unarmed Combat
  2980 | D:4      | Reached XP level 7. HP: 24/66 MP: 6/6
  3327 | D:4      | Reached skill level 9 in Unarmed Combat
  3542 | D:4      | Found a sacrificial altar of Ru.
  3584 | D:4      | Found a runed translucent door.
  3584 | D:4      | Found a radiant altar of Vehumet.
  3585 | D:4      | Noticed Masnef's ghost (amateur DEWz)
  3589 | D:4      | Found a shadowy altar of Dithmenos.
  3686 | D:5      | Entered Level 5 of the Dungeon
  3757 | D:5      | Found Epnijosm's Elemental Accessories.
  3877 | D:5      | Reached XP level 8. HP: 70/75 MP: 7/7
  3879 | D:5      | Noticed Grinder
  3880 | D:5      | Found a staircase to the Ecumenical Temple.
  3881 | D:5      | Paralysed by Grinder for 5 turns
  3903 | D:5      | Killed Grinder
  3921 | Temple   | Entered the Ecumenical Temple
  4001 | Temple   | Became a worshipper of Warmaster Okawaru
  4001 | Temple   | Reached * piety under Okawaru
  4001 | Temple   | Reached ** piety under Okawaru
  4129 | D:5      | Noticed Edmund
  4138 | D:5      | Killed Edmund
  4673 | D:6      | Found an ornate altar of the Wu Jian Council.
  4682 | D:6      | Found Zin's Purification Station.
  4684 | D:6      | Found a glowing silver altar of Zin.
  4777 | D:6      | Reached skill level 5 in Fighting
  4777 | D:6      | Reached skill level 5 in Dodging
  4932 | D:6      | Reached XP level 9. HP: 59/88 MP: 8/8
  5102 | D:6      | Reached *** piety under Okawaru
  5667 | D:7      | Noticed Menkaure
  5670 | D:7      | Killed Menkaure
  6502 | D:8      | Found a glowing golden altar of the Shining One.
  6557 | D:8      | Found a shimmering altar of Xom.
  6562 | D:8      | Noticed Prince Ribbit
  6581 | D:8      | Killed Prince Ribbit
  6581 | D:8      | Reached skill level 1 in Invocations
  6581 | D:8      | Reached skill level 1 in Evocations
  6691 | D:8      | HP: 4/92 [poisoned by a killer bee]
  6691 | D:8      | HP: 1/92 [killer bee (3)]
  6692 | D:8      | Slain by a killer bee

Levels and vault maps discovered:
D:1:      kennysheep_arrival_seaside, layout_basic
D:2:      layout_basic, chequers_temple_overflow_statue_of_worship, bh_chokoban,
          grunt_dithmenos_smoke
D:3:      layout_loops_corners, gup_sewer_entry_spiral, first_ration,
          grunt_ministairs_5
D:4:      kennysheep_spiral_hall, layout_rooms,
          gammafunk_temple_overflow_forgotten, serial_corexii_hall,
          corexii_hall_statues_x, corexii_hall_statues_deadend,
          chequers_hall_statues_y, ebering_ghost_sewer_d, grunt_ministairs_9
D:5:      layout_loops_ring, minmay_temple_entry_large_hall,
          nicolae_elemental_shop, lemuel_old_faithful, uniq_edmund, uniq_grinder
D:6:      layout_loops_ring, kennysheep_little_box, zin_purify,
          kennysheep_another_room
D:7:      layout_basic, amethyst_killhole, uniq_menkaure
D:8:      layout_loops_ring, nicolae_tso_besieged_by_evil,
          nicolae_overflow_hidden_temple, xom_teletrap_fun, the_bakery,
          uniq_prince_ribbit1
Temple:   jpeg_temple_clearing

Skill      XL: |  1  2  3  4  5  6  7  8  9 |
---------------+----------------------------+-----
Unarmed Combat | 4 5 6 8 9 |  9.0
Fighting       | 3 5 6 |  6.4
Dodging        | 3 5 6 |  6.4
Invocations    | 2 |  2.0
Evocations     | 1 |  1.6
Stealth        | |  1.0

Action                   |  1- 3 |  4- 6 |  7- 9 || total
-------------------------+-------+-------+-------++-------
Melee: Unarmed           |    86 |   203 |   266 ||   555
       Punch             |     1 |     5 |     8 ||    14
Throw: Stone             |     1 |       |       ||     1
  Use: Scroll            |       |       |    13 ||    13
 Stab: Sleeping          |     1 |     7 |     1 ||     9
  Eat: Chunk             |    14 |    19 |    29 ||    62
       Ration            |       |       |     2 ||     2
Armor: Robe              |    37 |    53 |    71 ||   161
Dodge: Dodged            |    37 |    82 |   137 ||   256

Table legend:
 A = Non-vault XP
 B = Vault XP
 C = Vault XP percentage of total XP
 D = Non-vault monster count
 E = Vault monster count
 F = Vault count percentage of total count
                 A         B        C        D         E       F
            +---------+---------+-------+---------+---------+-------
      Total |    3350 |    1206 |  26.5 |     156 |      34 |  17.9
            +---------+---------+-------+---------+---------+-------
        D:1 |      59 |       0 |   0.0 |      31 |       0 |   0.0
        D:2 |      86 |       0 |   0.0 |      14 |       0 |   0.0
        D:3 |     363 |      52 |  12.5 |      43 |       8 |  15.7
        D:4 |     507 |     242 |  32.3 |      18 |      10 |  35.7
        D:5 |     248 |     441 |  64.0 |       9 |       2 |  18.2
        D:6 |     899 |       0 |   0.0 |      23 |       0 |   0.0
        D:7 |     516 |     172 |  25.0 |       8 |       1 |  11.1
        D:8 |     672 |     299 |  30.8 |      10 |      13 |  56.5
            +---------+---------+-------+---------+---------+-------
